 Dungeon Crawl Stone Soup version 0.22-a0-113-gdd6f4a9394 (webtiles) character file.

800 Drachen the Carver (level 7, 0/46 HPs)
             Began as an Octopode Gladiator on Jan 28, 2018.
             Was an Initiate of Ru.
             Killed by nerve-wracking pain
             ... invoked by Grinder
              (7 damage)
             ... on level 5 of the Dungeon.
             The game lasted 00:11:06 (4211 turns).

Drachen the Carver (Octopode Gladiator)             Turns: 4211, Time: 00:11:06

Health: 0/46       AC:  3    Str: 17    XL:     7   Next: 90%
Magic:  7/7        EV: 15    Int: 11    God:    Ru [......]
Gold:   281        SH:  4    Dex: 15    Spells: 6/6 levels left

rFire    + . .     SeeInvis .   a - +0 long sword
rCold    x . .     Gourm    .   A - +0 buckler
rNeg     . . .     Faith    .   j - +2 hat
rPois    .         Spirit   .   (no amulet)
rElec    .         Reflect  .   f - ring of fire
rCorr    .         Harm     .   o - +4 ring of strength
MR       .....                  p - +1 ring of evasion
Stlth    ++........             (no ring)
HPRegen  0.15/turn              (no ring)
MPRegen  0.10/turn              (no ring)
                                (no ring)
                                (no ring)

@: no status effects
A: almost no armour, stealthy swim, amphibious, 8 rings, constrict 8, camouflage
1, gelatinous body 1
a: Renounce Religion


You were on level 5 of the Dungeon.
You worshipped Ru.
Ru was noncommittal.
You were not hungry.

You visited 1 branch of the dungeon, and saw 5 of its levels.
You also visited: Sewer.

You collected 281 gold pieces.

Inventory:

Hand Weapons
 a - a +0 long sword (weapon)
Missiles
 c - a throwing net (quivered)
 n - 6 curare-tipped needles
Armour
 b - a +0 hat
 j - a +2 hat (worn)
 t - a +0 large shield
 A - a +0 buckler (worn)
Jewellery
 f - a ring of fire (left tentacle)
 o - a +4 ring of strength (right tentacle)
 p - a +1 ring of evasion (on tentacle)
Scrolls
 e - 2 scrolls of remove curse
 g - 2 scrolls of magic mapping {unknown}
 h - a scroll of fog
 q - a scroll of enchant weapon
 r - a scroll of enchant armour
 u - 2 scrolls of teleportation {unknown}
 y - 2 scrolls of identify
Potions
 i - a potion of heal wounds {unknown}
 k - 2 potions of magic {unknown}
 l - 3 potions of invisibility {unknown}
 m - a potion of resistance {unknown}
 s - 6 potions of flight
 v - a potion of agility {unknown}
 w - 3 potions of degeneration {unknown}
 x - a potion of brilliance {unknown}
 z - 4 potions of cancellation {unknown}
 B - a potion of curing {unknown}
 C - a potion of ambrosia {unknown}
 E - a potion of haste {unknown}
Comestibles
 d - 12 rations
 D - 4 chunks of flesh


   Skills:
 + Level 3.0 Fighting
 + Level 8.1 Long Blades
 - Level 2.0 Throwing
 + Level 3.7 Dodging
 + Level 2.0 Shields


You had 6 spell levels left.
You didn't know any spells.

Dungeon Overview and Level Annotations

Branches:
Dungeon (5/15)
 Temple: D:4-7

Altars:
Ashenzari
Gozag
Makhleb
Okawaru
Ru

Annotations:
D:5 Grinder


Innate Abilities, Weirdness & Mutations

You cannot wear most types of armour.
You are very stealthy in the water. (Stealth+)
You are amphibious.
You can wear up to eight rings at the same time.
You can use your tentacles to constrict eight enemies at once.
Your skin changes colour to match your surroundings (Stealth+).
Your rubbery body absorbs attacks. (AC +1, EV +1)


Message History

Throwing (i - inventory):
c - 3 throwing nets (quivered)
Press: ? - help, Shift-Dir - straight line, f/p - Grinder
Aim: Grinder (almost dead)
You throw a throwing net.
The throwing net closely misses Grinder.
Grinder says, "Just stop there for a second..."
Grinder closely misses you.
Throwing (i - inventory):
c - 2 throwing nets (quivered)
Press: ? - help, Shift-Dir - straight line, f/p - Grinder
Aim: Grinder (almost dead)
You throw a throwing net. The throwing net hits Grinder.
Grinder is caught in the net!
Grinder is almost dead.
Grinder struggles against the net.
You completely miss Grinder. You grab Grinder.
Grinder is almost dead.
You constrict Grinder. Grinder gestures at you. Pain shoots through your body!
You die...

.# #.# ..# ... ..# ..#
#+###..# ##. #.. #5@)..#
... #... #.#†..# #. #.#
#...#####...# #. #.#
#...#_#.#...# #. #.#
##.....#.....## #. #.#
##..≈≈≈'#'###..## #. #.#
#...≈...#...#..<# #.##.#
#...≈.......#..#.#### #..#.
#..≈≈≈≈...####.##....##.###


You could see Grinder (caught).

Vanquished Creatures
  Eustachio (D:5)
  An ogre (D:4)
  2 centaurs (D:5)
  A crimson imp (D:2)
  A hound (D:4)
  An orc wizard (D:4)
  An iguana (D:4)
  2 worker ants (D:4)
  7 adders
  A river rat (D:3)
  5 oozes
  An adder zombie (D:5)
  5 worms
  3 dart slugs
  5 leopard geckos
  5 orcs (D:4)
  6 giant cockroaches
  10 goblins
  10 hobgoblins
  19 jackals
  A quokka (D:4)
  4 ball pythons
  16 bats
  9 frilled lizards
  2 jackal skeletons
  7 kobolds
  A leopard gecko skeleton (D:4)
  7 rats
134 creatures vanquished.

Vanquished Creatures (others)
  7 toadstools (D:1)
7 creatures vanquished.

Grand Total: 141 creatures vanquished

Notes
Turn   | Place    | Note
-------+----------+-------------------------------------------
     0 | D:1      | Drachen the Octopode Gladiator began the quest for the Orb.
     0 | D:1      | Reached XP level 1. HP: 14/14 MP: 1/1
   145 | D:1      | Reached XP level 2. HP: 19/19 MP: 2/2
   584 | D:1      | Reached skill level 4 in Long Blades
   684 | D:1      | Reached XP level 3. HP: 24/24 MP: 3/3
  1526 | D:2      | Reached skill level 5 in Long Blades
  1526 | D:2      | Reached XP level 4. HP: 29/29 MP: 4/4
  1880 | D:3      | Found a burning altar of Makhleb.
  1882 | D:3      | Noticed a blizzard demon
  1915 | D:3      | Found a glowing drain.
  1944 | Sewer    | Entered a sewer
  1957 | Sewer    | Reached XP level 5. HP: 22/34 MP: 5/5
  2487 | D:3      | Reached skill level 6 in Long Blades
  3117 | D:4      | Reached XP level 6. HP: 39/39 MP: 6/6
  3253 | D:4      | Reached skill level 7 in Long Blades
  3329 | D:4      | Found an opulent altar of Gozag.
  3367 | D:4      | Reached XP level 7. HP: 26/45 MP: 7/7
  3891 | D:4      | Found an iron altar of Okawaru.
  3970 | D:5      | Entered Level 5 of the Dungeon
  3970 | D:5      | Found a shattered altar of Ashenzari.
  3987 | D:5      | Reached skill level 1 in Shields
  4109 | D:5      | Noticed Eustachio
  4117 | D:5      | Killed Eustachio
  4117 | D:5      | Reached skill level 8 in Long Blades
  4161 | D:5      | Found a sacrificial altar of Ru.
  4177 | D:5      | Became a worshipper of Ru the Awakened
  4191 | D:5      | Noticed Grinder
  4211 | D:5      | Killed from afar by Grinder

Vault maps used:
D:1:      nagdon_arrival_zigzag_paths
D:2:      minmay_tetromino_i2
D:3:      makhleb_altar_promises_db, cheibrodos_sewer_entry_sluice,
          first_ration, minmay_misc_feat_five
D:4:      lemuel_coloured_pillars_altar, grunt_gozag_statues
D:5:      ashenzari_altar_1, minivault_1, hangedman_ru_absence, uniq_grinder,
          uniq_eustachio
Sewer:    sewer_fruit_machine

Skill      XL: |  1  2  3  4  5  6  7 |
---------------+----------------------+-----
Long Blades    | 4 5 6 7 8 |  8.1
Shields        | 2 |  2.0
Fighting       | 3 |  3.0
Throwing       | |  2.0
Dodging        | |  3.7

Action                   |  1- 3 |  4- 6 |  7- 9 || total
-------------------------+-------+-------+-------++-------
Melee: Long sword        |    51 |   131 |    42 ||   224
       Constrict         |    18 |    35 |    11 ||    64
       Tentacles         |    11 |    34 |    13 ||    58
Throw: Throwing net      |       |     1 |     3 ||     4
  Use: Scroll            |       |     5 |       ||     5
 Stab: Sleeping          |     4 |    14 |     2 ||    20
       Held in net/web   |       |     1 |       ||     1
  Eat: Chunk             |     1 |     7 |     3 ||    11
Armor: Skin              |     4 |    19 |     7 ||    30
Dodge: Dodged            |    40 |   126 |    22 ||   188
Block: Buckler           |       |       |     4 ||     4
       Rpst.: Long sword |    12 |    32 |     5 ||    49

Table legend:
 A = Spawn XP
 B = Non-spawn XP
 C = Spawn XP percentage of total XP
 D = Spawn monster count
 E = Non-spawn monster count
 F = Spawn count percentage of total count
 G = Total turns spent on level
                    A         B        C        D         E        F      G
               +---------+---------+-------+---------+---------+-------+---------
         Total |       0 |    1143 |   0.0 |       0 |     134 |   0.0 |  4211
               +---------+---------+-------+---------+---------+-------+---------
           D:1 |       0 |      37 |   0.0 |       0 |      20 |   0.0 |   965
           D:2 |       0 |      88 |   0.0 |       0 |      21 |   0.0 |   746
           D:3 |       0 |      83 |   0.0 |       0 |      30 |   0.0 |   885
           D:4 |       0 |     429 |   0.0 |       0 |      33 |   0.0 |   869
           D:5 |       0 |     435 |   0.0 |       0 |       5 |   0.0 |   241
         Sewer |       0 |      71 |   0.0 |       0 |      25 |   0.0 |   505
               +---------+---------+-------+---------+---------+-------+---------
